 Dungeon Crawl Stone Soup version 0.31.0-10-gcf4a605ca0 (webtiles) character file.

Game seed: 9347897853406241977

1480485 browni3141 the Planerender (level 27, 323/323 HPs)
             Began as an Oni Summoner on Jan 25, 2024.
             Was a High Priest of Sif Muna.
             Escaped with the Orb
             ... and 3 runes on Jan 26, 2024!
             The game lasted 04:21:34 (87023 turns).

browni3141 the Planerender (Oni Summoner)          Turns: 87023, Time: 04:21:35

Health: 323/323    AC: 15    Str: 33    XL:     27
Magic:  12/49      EV: 10    Int: 32    God:    Sif Muna [*****.]
Gold:   4254       SH: 17    Dex: 15    Spells: 17/73 levels left

rFire   + + .        f - +6 falchion "Ucrirusch" {freeze, *Rage rElec Str+6 Int+3}
rCold   + + .        B - +0 tower shield "Pobo Bakh" {Will+}
rNeg    + . .        a - +0 acid dragon scales
rPois   +            d - +1 hat of Free Expression {rC+}
rElec   +            n - +4 dragonskin cloak
rCorr   +            (gloves unavailable)
SInv    .            (boots unavailable)
Will    ++...        q - amulet "Gaurram" {Faith rPois}
Stlth   +            V - ring of Nyup {rF+ rN+ Will- MP+9 Str+3}
HPRegen 0.73/turn    y - ring of Laumad {Str+4 Int+3 Dex+6}
MPRegen 0.31/turn

%: random rage (20%), faith
@: hasted, very quick
A: large, unfitting armour, horns 1, tough skin 1, double potion healing,
drunken brawling, cold resistance 1, fire resistance 1, low MP 2, subdued magic
1
0: Orb of Zot
}: 3/15 runes: decaying, serpentine, slimy
a: Renounce Religion, Channel Magic, Forget Spell, Divine Exegesis


You escaped.
You worshipped Sif Muna.
Sif Muna was extremely pleased with you.
You visited 11 branches of the dungeon, and saw 52 of its levels.
You also visited: Trove, Sewer, Ice Cave, Volcano and Wizlab.

You collected 9167 gold pieces.
You spent 4913 gold pieces at shops.

Inventory:

Hand Weapons
 f - the +6 falchion "Ucrirusch" (weapon) {freeze, *Rage rElec Str+6 Int+3}
   (You found it on level 10 of the Dungeon)

   Str+6:     It affects your strength (+6).
   Int+3:     It affects your intelligence (+3).
   rElec:     It insulates you from electricity.
   *Rage:     It berserks you when you make melee attacks (+20% chance).
 t - the +9 rapier "Beastbane" {freeze, Will++ Int-4}
   (You found it on level 2 of the Lair of Beasts)

   Int-4:     It affects your intelligence (-4).
   Will++:    It greatly increases your willpower.
Missiles
 e - 24 javelins
 J - 14 curare-tipped darts
 T - 43 boomerangs
 Z - a throwing net
Armour
 a - +0 acid dragon scales (worn)
 d - the +1 hat of Free Expression (worn) {rC+}
   (You acquired it on level 15 of the Dungeon)

   rC+:       It protects you from cold.
 n - the +4 dragonskin cloak (worn)
   (You took it off Tiamat on level 3 of the Realm of Zot)

   Avatar's Aegis: It grants the wearer a chance to resist fire, cold, poison,
   electricity, acid, and negative energy.
 B - the +0 tower shield "Pobo Bakh" (worn) {Will+}
   (You acquired it on level 15 of the Dungeon)

   Will+:     It increases your willpower.
Jewellery
 q - the amulet "Gaurram" (around neck) {Faith rPois}
   (You bought it in a shop on level 5 of the Dungeon)

   [amulet of faith]

   Faith:     It allows you to gain divine favour quickly.
   rPois:     It protects you from poison
 y - the ring of Laumad (right hand) {Str+4 Int+3 Dex+6}
   (You acquired it on level 15 of the Dungeon)

   [ring of dexterity]

   Str+4:     It affects your strength (+4).
   Int+3:     It affects your intelligence (+3).
   Dex+6:     It affects your dexterity (+6).
 E - a ring of see invisible
 P - a ring of resist corrosion
 U - the amulet "Uthodwejoth" {Reflect Str+5 SH+5}
   (You found it in a treasure trove)

   [amulet of reflection]

   Reflect:   It reflects blocked missile attacks.
   Str+5:     It affects your strength (+5).
   SH+5:      It affects your SH (+5).
 V - the ring of Nyup (left hand) {rF+ rN+ Will- MP+9 Str+3}
   (You found it in an ice cave)

   [ring of magical power]

   Str+3:     It affects your strength (+3).
   rF+:       It protects you from fire.
   rN+:       It protects you from negative energy.
   Will-:     It decreases your willpower.
   MP+9:      It affects your magic capacity (+9).
 W - a ring of protection from cold
Wands
 b - a wand of mindburst (59)
 x - a wand of digging (13)
 A - a wand of acid (44)
 D - a wand of charming (58)
 I - a wand of iceblast (80)
Scrolls
 j - a scroll of summoning
 k - 8 scrolls of vulnerability
 l - a scroll of torment
 o - 2 scrolls of poison
 p - 9 scrolls of revelation
 z - 23 scrolls of teleportation
 F - 6 scrolls of fog
 K - 10 scrolls of fear
 O - a scroll of enchant armour
 Q - 5 scrolls of silence
 S - 5 scrolls of blinking
 X - 9 scrolls of immolation
Potions
 c - 2 potions of cancellation
 g - 3 potions of enlightenment
 h - 9 potions of haste
 i - 2 potions of invisibility
 m - 9 potions of magic
 r - 4 potions of ambrosia
 s - 10 potions of mutation
 u - 13 potions of brilliance
 v - 3 potions of resistance
 C - 29 potions of curing
 H - 9 potions of heal wounds
 L - 6 potions of lignification
 R - 8 potions of attraction
Miscellaneous
 w - a sack of spiders
 G - a phial of floods
 M - a phantom mirror (inert)
 N - a lightning rod (4/4)
 Y - a tin of tremorstones (2/2)


   Skills:
 O Level 27 Fighting
 - Level 8.0 Armour
 - Level 6.0 Dodging
 - Level 1.4 Stealth
 - Level 12.0 Shields
 * Level 23.6 Spellcasting
 O Level 27 Summonings
 - Level 5.0 Translocations
 - Level 5.0 Fire Magic
 - Level 5.0 Air Magic
 - Level 14.0 Invocations
 - Level 5.0 Evocations


You had 17 spell levels left.
You knew the following spells:

 Your Spells              Type           Power      Damage    Failure   Level
a - Call Canine Familiar  Summ           100%       N/A       0%          3
b - Malign Gateway        Summ/Tloc      41%        N/A       1%          7
c - Summon Cactus Giant   Summ           52%        N/A       0%          6
d - Monstrous Menagerie   Summ           52%        N/A       0%          7
e - Summon Forest         Summ/Tloc      41%        N/A       1%          5
f - Summon Horrible Thin  Summ           52%        N/A       1%          8
g - Summon Mana Viper     Hex/Summ       77%        N/A       1%          5
h - Dragon's Call         Summ           52%        N/A       2%          9
l - Summon Lightning Spi  Summ/Air       82%        N/A       0%          4
B - Blink                 Tloc           100%       N/A       1%          2

Your spell library contained the following spells:

 Spells                   Type           Power      Damage    Failure   Level
 Summon Small Mammal      Summ           100%       N/A       0%          1
 Call Imp                 Summ           100%       N/A       0%          2
 Summon Ice Beast         Ice/Summ       77%        N/A       0%          3
 Summon Blazeheart Golem  Fire/Summ      82%        N/A       0%          4
 Summon Hydra             Summ           52%        N/A       0%          7
 Apportation              Tloc           100%       N/A       1%          1
 Foxfire                  Conj/Fire      100%       2x1d9     1%          1
 Freeze                   Ice            100%       1d10      1%          1
 Kiss of Death            Conj/Necr      100%       2d13      1%          1
 Magic Dart               Conj           100%       1d8       1%          1
 Necrotise                Necr           100%       1d9       1%          1
 Sandblast                Erth           58%        2d13      1%          1
 Shock                    Conj/Air       100%       1d9       1%          1
 Slow                     Hex            100%       N/A       1%          1
 Sting                    Conj/Alch      100%       1d9       1%          1
 Cigotuvi's Dreadful Rot  Necr/Alch/Air  74%        N/A       1%          2
 Lesser Beckoning         Tloc           100%       N/A       1%          2
 Mercury Vapours          Alch/Air       82%        N/A       1%          2
 Momentum Strike          Conj/Tloc      82%        3d10      1%          2
 Scorch                   Fire           100%       2d9       1%          2
 Static Discharge         Conj/Air       82%        3-7/arc   1%          2
 Gell's Gravitas          Tloc           52%        N/A       1%          3
 Inner Flame              Hex/Fire       41%        N/A       1%          3
 Swiftness                Air            52%        N/A       1%          3
 Teleport Other           Tloc           52%        N/A       1%          3
 Volatile Blastmotes      Fire/Tloc      100%       2d18      1%          3
 Airstrike                Air            26%        2d(4-20)  1%          4
 Animate Armour           Summ/Erth      100%       N/A       1%          4
 Manifold Assault         Tloc           52%        N/A       1%          4
 Martyr's Knell           Necr/Summ      77%        N/A       1%          4
 Passage of Golubria      Tloc           52%        N/A       1%          4
 Vhi's Electric Charge    Tloc/Air       100%       N/A       1%          4
 Ensorcelled Hibernation  Hex/Ice        58%        N/A       2%          2
 Jinxbite                 Hex            58%        N/A       2%          2
 Searing Ray              Conj           58%        2d6       2%          2
 Sublimation of Blood     Necr           29%        N/A       2%          2
 Mephitic Cloud           Conj/Alch/Air  37%        N/A       2%          3
 Confusing Touch          Hex            29%        N/A       4%          3
 Dazzling Flash           Conj/Hex       58%        N/A       4%          3
 Frozen Ramparts          Ice            58%        1d9       4%          3
 Fugue of the Fallen      Necr           29%        N/A       4%          3
 Hailstorm                Conj/Ice       29%        3d8       4%          3
 Ozocubu's Armour         Ice            29%        N/A       4%          3
 Passwall                 Erth           29%        N/A       4%          3
 Sigil of Binding         Hex            29%        N/A       4%          3
 Stone Arrow              Conj/Erth      58%        3d10      4%          3
 Tukima's Dance           Hex            29%        N/A       4%          3
 Vampiric Draining        Necr           29%        2d8       4%          3
 Dimensional Bullseye     Hex/Tloc       20%        N/A       5%          4
 Flame Wave               Conj/Fire      41%        2d11      5%          4
 Ignite Poison            Fire/Alch      41%        N/A       5%          4
 Iskenderun's Mystic Bla  Conj/Tloc      41%        2d9       5%          4
 Sticky Flame             Fire/Alch      41%        2d8       5%          4
 Haunt                    Necr/Summ      38%        N/A       5%          7
 Spellforged Servitor     Conj/Summ      38%        N/A       5%          7
 Anguish                  Hex/Necr       14%        N/A       17%         4
 Animate Dead             Necr           29%        N/A       17%         4
 Brom's Barrelling Bould  Conj/Erth      29%        2d5       17%         4
 Cause Fear               Hex            14%        N/A       17%         4
 Dispel Undead            Necr           29%        3d13      17%         4
 Fulminant Prism          Conj/Alch      14%        3d9       17%         4
 Leda's Liquefaction      Alch/Erth      14%        N/A       17%         4
 Olgreb's Toxic Radiance  Alch           29%        N/A       17%         4
 Petrify                  Alch/Erth      29%        N/A       17%         4
 Arcjolt                  Conj/Air       20%        1d30      17%         5
 Fireball                 Conj/Fire      20%        3d10      17%         5
 Silence                  Hex/Air        20%        N/A       17%         5
 Freezing Cloud           Conj/Ice/Air   18%        6-21      24%         5
 Dispersal                Tloc           26%        N/A       32%         6
 Plasma Beam              Fire/Air       26%        2x1d38    32%         6
 Alistair's Intoxication  Alch           19%        N/A       45%         5
 Borgnjor's Vile Clutch   Necr/Erth      14%        N/A       45%         5
 Curse of Agony           Necr           29%        N/A       45%         5
 Irradiate                Conj/Alch      14%        3d16      45%         5
 Iskenderun's Battlesphe  Conj           29%        2d8       45%         5
 Lee's Rapid Deconstruct  Erth           14%        3d9*      45%         5
 Metabolic Englaciation   Hex/Ice        14%        N/A       45%         5
 Yara's Violent Unravell  Hex/Alch       14%        3d7       45%         5
 Conjure Ball Lightning   Conj/Air       20%        3x3d6     69%         6
 Starburst                Conj/Fire      20%        6d7       69%         6
 Bombard                  Conj/Erth      14%        9d3       96%         6
 Death Channel            Necr           14%        N/A       96%         6
 Eringya's Noxious Bog    Alch           14%        4d6       96%         6
 Sculpt Simulacrum        Ice/Alch       14%        N/A       96%         6
 Enfeeble                 Hex            14%        N/A       100%        7
 Orb of Destruction       Conj           14%        9d7       100%        7
 Ozocubu's Refrigeration  Ice            14%        4d10      100%        7
 Borgnjor's Revivificati  Necr           14%        N/A       100%        8
 Discord                  Hex            14%        N/A       100%        8
 Disjunction              Tloc           26%        N/A       100%        8
 Ignition                 Fire           26%        3d9       100%        8
 Lehudib's Crystal Spear  Conj/Erth      14%        10d5      100%        8
 Maxwell's Capacitive Co  Air            26%        ∞         100%        8
 Chain Lightning          Conj/Air       20%        3d27      100%        9
 Death's Door             Necr           14%        N/A       100%        9
 Fire Storm               Conj/Fire      20%        8d5       100%        9
 Polar Vortex             Ice            14%        12d1*     100%        9
 Shatter                  Erth           14%        3d14*     100%        9


Dungeon Overview and Level Annotations

Branches:
Dungeon (15/15)            Temple (1/1) D:6            Lair (5/5) D:8
  Swamp (4/4) Lair:3        Snake (4/4) Lair:3        Slime (5/5) Lair:4
    Orc (2/2) D:11            Elf (3/3) Orc:2        Vaults (4/5) D:14
  Crypt (0/3) Vaults:3     Depths (4/4) D:15            Zot (5/5) Depths:4
  Sewer (visited)           IceCv (visited)         Volcano (visited)
 WizLab (visited)

Altars:
Ashenzari
Cheibriados
Dithmenos
Elyvilon
Fedhas
Gozag
Hepliaklqana
Kikubaaqudgha
Makhleb
Nemelex Xobeh
Okawaru
Qazlal
Ru
Sif Muna
Trog
Uskayaw
Vehumet
Wu Jian
Xom
Yredelemnul
Zin
The Shining One
Jiyva

Shops:
D:1 [   D:5 *   D:6 [   D:8 *   D:13 *   Orc:2 (*[:   Elf:3 =   Vaults:3 *
Depths:3 **   Depths:4 [!*(

Portals:
Hell: Depths:1 Depths:2 Depths:3 Depths:4
Abyss: Depths:3
Pandemonium: Depths:2 Depths:3
Ziggurat: Depths:1

Annotations:
D:3 1 runed translucent door, Crazy Yiuf
Vaults:2 exclusion: door
Zot:1 6 transporters
Zot:3 1 runed translucent door, Sofait's ghost, legendary GnFE
Zot:4 2 transporters, exclusion: obsidian statue


Innate Abilities, Weirdness & Mutations

You are too large for most types of armour.
You have a pair of small horns on your head.
You have tough skin. (AC +1)
You gain doubled healing and magic from potions.
Whenever you drink a healing potion, you attack all around you.
Your flesh is cold resistant. (rC+)
Your flesh is heat resistant. (rF+)
Your magical capacity is very low. (-20% MP)
Your spells are a little easier to cast, but a little less powerful.


Message History

The neqoxec dies!
Sif Muna accepts your kill.
What level of the Dungeon? (default 1, ? - help)
A cherub comes into view.
It is wielding a +0 falchion of flaming.
A dragon arrives to answer your call!
Your storm dragon misses the cherub.
Your storm dragon claws the cherub but does no damage.
Your storm dragon tramples the cherub but does no damage.
You swap places.
Your storm dragon misses the cherub.
Your storm dragon closely misses the cherub. x2
The cherub hits you with a +0 falchion of flaming!
You block the cherub's attack.
Your ice dragon barely misses the cherub.
Your ice dragon claws the cherub but does no damage.
Your ice dragon barely misses the cherub.
A dragon arrives to answer your call!
Your storm dragon bites the cherub!
Your storm dragon closely misses the cherub.
Your storm dragon misses the cherub.
Your large abomination hits the cherub!!
A dragon arrives to answer your call!
The cherub barely misses your large abomination.
The cherub headbutts your large abomination but does no damage.
Your storm dragon bites the cherub!
Your storm dragon claws the cherub.
Your storm dragon closely misses the cherub.
Your large abomination misses the cherub.
Something hits your large abomination. Something burns your large abomination.
Something gores your large abomination.
There is a stone staircase leading up here.
The roar of the dragon horde subsides.
Something barely misses your large abomination.
Something pecks your large abomination.
You climb upwards.
Your summoned ally is left behind.
There is a stone staircase leading down here.
A Sufaf, a neqoxec and a hell beast come into view.
You don't have enough magic to cast this spell.
Magic courses through your body.
The neqoxec shouts!
The hell beast screeches!
Casting: Summon Horrible Things (mildly dangerous; 1% risk of failure)
Press: ? - help, Q - select action, (/) - cycle Dir - look around, f - activate An ancient lich comes into view.
The neqoxec gestures at you. Something gnaws on your mind!
You feel your power leaking away.
You swap places.
The hell beast bites your large abomination!
The hell beast tramples your large abomination.
Your large abomination holds its ground!
Your large abomination hits the hell beast!!
Your large abomination barely misses the hell beast.
Your large abomination hits the ancient lich!!
There is a stone staircase leading down here.
Aiming: Dig
Press: ? - help, Shift-Dir - straight line A rock wall.
This square is covered in magical glow.
The rock shatters into small pieces.
The hell beast bites your large abomination.
The hell beast tramples your large abomination but does no damage.
The ancient lich mumbles some strange words.
The ancient lich flickers and vanishes!
Deactivating autopickup; reactivate with Ctrl-A.
Your large abomination hits the hell beast!!
The hell beast bites your large abomination but does no damage.
The hell beast tramples your large abomination.
Your large abomination holds its ground!
Your large abomination barely misses the hell beast.
You feel yourself speed up.
Something touches your tentacled monstrosity!
The hell beast bites your large abomination!
The hell beast tramples your large abomination but does no damage.
Your large abomination completely misses the hell beast.
Your large abomination hits the hell beast!!
Your large abomination hits something!
Blink to where?
Press: ? - help, Dir - move target
As you read the scroll of blinking, it crumbles to dust.
Aiming: Dig
Press: ? - help, Shift-Dir - straight line A rock wall.
This square is covered in magical glow.
The rock shatters into small pieces.
Blink to where?
Press: ? - help, Dir - move target
As you read the scroll of blinking, it crumbles to dust.
Blink to where?
Press: ? - help, Dir - move target
As you read the scroll of blinking, it crumbles to dust.
Aiming: Dig
Press: ? - help, Shift-Dir - straight line You can't see that place. [a rock wall.]
The rock shatters into small pieces.
Blink to where?
Press: ? - help, Dir - move target
As you read the scroll of blinking, it crumbles to dust.
There is an open door here.
You can once more reach out to the dragon horde.
Blink to where?
Press: ? - help, Dir - move target
As you read the scroll of blinking, it crumbles to dust.
You have escaped!

#.# ♣.PPP.♣ #..
♣♣.♣♣♣.♣ #..##
♣♣..P♣♣.♣
#.#.#♣♣♣....P♣.♣
#....♣....⌠.♣♣.♣
###..♣.♣.....♣.♣
#.#♣.♣P♣P....♣
#.#♣.♣♣♣♣♣...♣
#.'..§......@♣
###♣♣♣♣♣♣♣♣♣♣♣


There were no monsters in sight!

Vanquished Creatures
  the Royal Jelly (Slime:5)
  A curse toe (Zot:3)
  A deep elf master archer (Elf:3)
  An acid blob (Slime:5)
  A storm dragon (D:15)
  A rockslime (Slime:5)
  4 azure jellies
  A deep elf sorcerer (Elf:3)
  A draconian monk (Zot:3)
  6 quicksilver oozes (Slime:5)
  An ironbound thunderhulk (Vaults:2)
  Snorg (D:10)
  An ettin (Orc:2)
  2 salamander tyrants (Snake:4)
  A great orb of eyes (Slime:5)
  A yaktaur captain (D:15)
  A catoblepas (Lair:5)
  6 hydras
  A centaur warrior (D:8)
  An anaconda (Snake:4)
  2 two-headed ogres
  A tengu warrior (D:13)
  Urug (D:11)
  An orc high priest (Orc:2)
  2 skysharks
  2 spriggan druids (Lair:3)
  A deep elf pyromancer (D:15)
  A deep elf zephyrmancer (Depths:1)
  An orc knight (Orc:2)
  A manticore (D:11)
  2 cyclopes
  The ghost of DemonSlayer the Magician, a novice DsEE of Dithmenos (D:6)
  A salamander (Snake:4)
  9 elephants
  3 black mambas
  A molten gargoyle (Lair:5)
  Maggie (Lair:1)
  5 cane toads
  A freezing wraith (Swamp:4)
  3 komodo dragons (Lair:4)
  A yaktaur (Vaults:1)
  An efreet (Volcano)
  A yaktaur (shapeshifter) (D:8)
  2 rime drakes
  8 trolls
  A queen bee (shapeshifter) (D:15)
  2 hornets
  Grinder (D:6)
  A polar bear (Lair:4)
  Prince Ribbit (Lair:1)
  7 blink frogs
  A slime creature (Lair:4)
  2 wyverns
  A water elemental (D:11)
  A wraith (D:8)
  28 yaks
  2 basilisks
  2 steam dragons
  A warg (Orc:1)
  A death yak simulacrum (IceCv)
  5 water moccasins
  16 orc warriors
  An ice beast (D:5)
  A black bear (D:6)
  2 ogres (Orc:2)
  Pargi (Sewer)
  7 wolves
  A boggart (Vaults:1)
  A phantom (D:5)
  2 centaurs
  2 kobold brigands (D:10)
  7 bullfrogs
  A two-headed ogre simulacrum (Orc:2)
  A scorpion (D:5)
  3 wights
  An elephant simulacrum (Orc:2)
  5 killer bees (D:8)
  5 electric eels (D:11)
  5 nameless horrors
  A howler monkey (D:9)
  3 lava snakes
  A jelly (D:8)
  A hound (D:5)
  10 orc priests
  3 bombardier beetles (D:5)
  Natasha (D:4)
  7 orc wizards
  3 iguanas (D:7)
  A hell rat (Lair:1)
  A troll simulacrum (Orc:2)
  A gnoll (D:5)
  2 adders
  A white imp (D:7)
  2 ufetubi (D:7)
  33 orcs
  3 ball pythons (D:1)
  4 bats
  5 endoplasms
  6 giant cockroaches
  3 goblins
  3 hobgoblins (D:4)
  8 jackals
  23 kobolds
  5 quokkas
  3 frilled lizards
  4 rats
344 creatures vanquished.

Vanquished Creatures (collateral kills)
  2 dread liches (Zot:5)
  Tiamat (Zot:3)
  6 orbs of fire
  Mennas (Vaults:2)
  A juggernaut (Depths:2)
  Josephina (Zot:3)
  Boris (thrice) (Depths:1 Depths:2 Depths:3)
  3 Killer Klowns (Zot:5)
  A Head Instructor (WizLab)
  3 caustic shrikes (Depths:2)
  4 curse toes
  Vashnia (Snake:4)
  11 golden dragons
  3 electric golems
  2 liches (Depths:2)
  Mlioglotl (Snake:4)
  14 tentacled monstrosities
  2 walking crystal tomes
  27 Orb Guardians
  5 quicksilver dragons
  22 acid blobs
  A titan (Depths:2)
  7 sphinxes
  A walking divine tome (Depths:2)
  2 deep elf blademasters (Elf:2)
  An Executioner (D:11)
  10 death cobs
  Kirke (D:15)
  5 shadow dragons
  Aizul (Snake:4)
  16 rockslimes
  5 azure jellies
  6 tengu reavers
  14 storm dragons
  5 draconian monks
  Donald (Snake:4)
  Roxanne (Snake:1)
  8 frost giants
  Louise (Elf:2)
  6 draconian knights
  6 nagarajas
  A protean progenitor (Zot:4)
  9 deep elf sorcerers
  7 fire giants
  15 vault wardens
  6 draconian scorchers
  2 ghost moths
  An angel (Depths:1)
  A reaper (D:13)
  5 draconian shifters
  2 deep elf elementalists (Elf:3)
  A ghoul (Vaults:3)
  13 ironbound preservers
  A balrug (Depths:1)
  8 formless jellyfish
  8 quicksilver oozes
  A cacodemon (Depths:2)
  5 draconian stormcallers
  14 very ugly things
  An orc warlord (Orc:2)
  17 stone giants
  9 draconian annihilators
  6 spriggan defenders
  6 eleionomae
  8 ironbound thunderhulks
  10 green draconians
  3 deep elf demonologists (Elf:3)
  2 lorocyprocas
  7 black draconians
  12 dire elephants
  9 red draconians
  10 deep elf death magi
  7 deep elf annihilators
  7 purple draconians
  4 vampire knights
  8 white draconians
  2 war gargoyles (Vaults:2)
  5 bunyips
  10 spark wasps
  Azrael (Elf:2)
  11 yellow draconians
  8 ettins
  2 blizzard demons
  2 crystal guardians (Vaults:2)
  9 fire dragons
  A green death (D:8)
  2 entropy weavers
  8 deep elf high priests
  9 yaktaur captains
  2 rakshasas (Depths:1)
  Harold (D:11)
  3 peacekeepers
  A salamander tyrant (Snake:4)
  11 great orbs of eyes
  5 spriggan air magi
  11 ice dragons
  Fannar (D:12)
  3 vault guards
  12 hydras
  8 ironbound frosthearts
  5 ogre magi
  9 boulder beetles
  A catoblepas (D:8)
  A ghost crab (Swamp:4)
  13 alligators
  7 centaur warriors
  6 anacondas
  39 dancing weapons
  7 two-headed ogres
  2 vampire magi
  A death knight (D:15)
  A two-headed ogre (shapeshifter) (Depths:2)
  5 deep troll shamans
  8 tengu warriors
  3 deep troll earth magi
  6 spriggan berserkers
  5 orc high priests (Orc:2)
  11 naga warriors
  17 naga sharpshooters
  6 shock serpents
  An occultist (Depths:1)
  15 deep elf knights
  Sonja (D:13)
  2 sun demons (Depths:1)
  2 hell knights
  2 skeletal warriors (D:15)
  6 iron trolls
  2 sixfirhies
  A shadow demon (Depths:3)
  8 salamander mystics
  46 deep trolls
  5 flayed ghosts
  5 spriggan druids
  2 goliath frogs (Zot:4)
  5 bog bodies
  A swamp dragon (Swamp:4)
  A phantasmal warrior (Vaults:3)
  10 mana vipers
  7 glowing orange brains
  3 naga ritualists (Snake:4)
  8 deep elf archers
  10 lindwurms
  27 deep elf zephyrmancers
  8 arcanists
  14 ironbound convokers
  3 harpies (Vaults:2)
  4 orc knights
  26 deep elf pyromancers
  3 orc sorcerers
  A necromancer (WizLab)
  8 shining eyes
  2 wolf spiders (D:15)
  7 manticores
  24 ugly things
  9 will-o-the-wisps
  19 moths of wrath
  20 salamanders
  A meliai (shapeshifter) (Elf:2)
  10 cyclopes
  A meliai (D:15)
  33 black mambas
  A kobold blastminer (Orc:2)
  A guardian serpent (shapeshifter) (Depths:2)
  2 elephants
  6 molten gargoyles
  11 vault sentinels
  A water nymph (shapeshifter) (Depths:1)
  16 naga magi
  2 smoke demons
  3 eyes of devastation
  A gargoyle (D:12)
  4 guardian serpents
  3 ice statues (IceCv)
  A cane toad (shapeshifter) (D:15)
  5 cane toads
  4 efreet
  A tormentor (Depths:2)
  8 komodo dragons
  6 freezing wraiths
  2 unseen horrors
  A yaktaur (shapeshifter) (Depths:2)
  29 yaktaurs
  9 tengu conjurers
  2 trolls
  A bloated husk (Swamp:2)
  A tarantella (Vaults:1)
  A shadow dragon simulacrum (Zot:3)
  6 tyrant leeches
  22 hornets
  2 glass eyes (Depths:3)
  An air elemental (Elf:1)
  A centaur simulacrum (D:15)
  11 blink frogs
  2 wraiths (D:12)
  A culicivora (Vaults:4)
  24 spriggans
  54 slime creatures
  28 yaks
  5 wyverns
  7 fire elementals
  Eustachio (D:5)
  2 hogs (D:15)
  4 swamp worm simulacra (Swamp:4)
  10 basilisks
  2 neqoxecs
  A vampire (D:12)
  A hog (shapeshifter) (D:15)
  A purple draconian simulacrum (Zot:3)
  11 water elementals
  4 redbacks
  11 vampire mosquitoes
  A warg (Orc:2)
  A steam dragon (D:8)
  A green draconian simulacrum (Zot:3)
  A death yak simulacrum (Orc:2)
  35 nagas
  2 harpy simulacra (IceCv)
  13 swamp worms
  An acid dragon (D:9)
  2 water moccasins
  2 moth of wrath simulacra (Zot:3)
  14 hydra simulacra (Swamp:4)
  Duvessa (D:5)
  9 hell hounds
  2 black bears (D:6)
  8 orc warriors
  3 swamp drakes (Swamp:2)
  2 sky beasts
  2 ice beasts
  6 ogres
  A laughing skull (D:15)
  2 centaurs (D:15)
  7 wolves
  6 bullfrogs
  6 kobold brigands
  A scorpion (shapeshifter) (D:15)
  A scorpion (D:7)
  A brain worm (Sewer)
  A cane toad simulacrum (IceCv)
  4 earth elementals
  5 gnoll sergeants
  A two-headed ogre simulacrum (Orc:2)
  A hornet simulacrum (D:15)
  11 wights
  Dowan (D:5)
  6 killer bees (D:8)
  11 jellies
  3 elephant simulacra
  A howler monkey (D:8)
  2 bombardier beetles (D:4)
  6 lava snakes
  10 orc priests
  3 hounds
  Natasha (twice) (D:4)
  An iguana (D:7)
  18 orc wizards
  4 hell rats (Lair:1)
  Ijyb (D:3)
  2 wolf simulacra (IceCv)
  A polar bear simulacrum (IceCv)
  16 nameless horrors
  A boggart simulacrum (D:15)
  15 gnolls
  7 adders
  2 naga simulacra (Orc:2)
  A shadow imp (D:8)
  4 swamp drake simulacra (Swamp:4)
  2 dart slugs
  39 orcs
  8 endoplasms
  A giant cockroach (D:3)
  3 goblins
  3 hobgoblins
  9 jackals
  3 quokkas
  2 ball pythons
  3 bats
  5 frilled lizards
  24 kobolds
  2 rats
  2 spectral weapons (Vaults:1)
1794 creatures vanquished.

Vanquished Creatures (others)
  Asterion (Vaults:1)
  2 eldritch tentacles
  An entropy weaver (shapeshifter) (D:14)
  A deep elf knight (Elf:1)
  A shock serpent (Snake:4)
  A nameless horror (Zot:1)
  A mana viper (WizLab)
  A lindwurm (Vaults:2)
  A deep elf pyromancer (Elf:1)
  A deep elf zephyrmancer (Elf:1)
  2 orc sorcerers
  A naga mage (Snake:4)
  A bloated husk (Swamp:4)
  A human (D:15)
  An earth elemental (Elf:1)
  A wight (D:5)
  A hound (D:5)
  An iguana (D:5)
  An orc wizard (D:8)
  81 blazeheart cores
  26 foxfires
  15 snaplasher vines
143 creatures vanquished.

Grand Total: 2281 creatures vanquished

Notes
Turn   | Place    | Note
-------+----------+-------------------------------------------
     0 | D:1      | browni3141 the Oni Summoner began the quest for the Orb.
     0 | D:1      | Reached XP level 1. HP: 16/16 MP: 3/3
   241 | D:1      | Reached XP level 2. HP: 28/28 MP: 5/5
   405 | D:1      | Learned a level 2 spell: Call Imp
   549 | D:1      | Found Qaleypipn's Antique Armour Shoppe.
   732 | D:1      | Found a faded altar of an unknown god.
  1017 | D:2      | Reached skill level 3 in Fighting
  1047 | D:1      | Reached XP level 3. HP: 31/37 MP: 7/7
  1251 | D:2      | Reached skill level 3 in Spellcasting
  1372 | D:2      | Reached XP level 4. HP: 44/45 MP: 8/8
  1379 | D:2      | Learned a level 3 spell: Call Canine Familiar
  1956 | D:3      | Noticed Ijyb
  2135 | D:3      | Reached XP level 5. HP: 53/53 MP: 11/11
  2174 | D:3      | Learned a level 4 spell: Summon Blazeheart Golem
  2481 | D:3      | Found a radiant altar of Vehumet.
  2555 | D:3      | Found a runed translucent door.
  2556 | D:3      | Noticed Crazy Yiuf
  3281 | D:4      | Reached XP level 6. HP: 61/61 MP: 13/13
  3846 | D:4      | Noticed Natasha
  3853 | D:4      | Killed Natasha
  4027 | D:4      | Noticed Natasha
  4038 | D:4      | Killed Natasha
  4039 | D:4      | Reached XP level 7. HP: 65/67 MP: 14/14
  4304 | D:4      | Noticed Natasha
  4319 | D:4      | Killed Natasha
  4680 | D:5      | Entered Level 5 of the Dungeon
  4722 | D:5      | Found a glowing drain.
  4756 | Sewer    | Entered a sewer
  4779 | Sewer    | Noticed Pargi
  4803 | Sewer    | Killed Pargi
  4804 | Sewer    | Reached skill level 3 in Shields
  4960 | D:5      | Noticed Dowan
  4961 | D:5      | Noticed Duvessa
  4963 | D:5      | Found Usyuj's Neck Hole.
  4995 | D:5      | Killed Duvessa
  5002 | D:5      | Killed Dowan
  5113 | D:5      | Reached XP level 8. HP: 71/75 MP: 15/15
  5161 | D:5      | Reached skill level 6 in Summonings
  5188 | D:5      | Reached skill level 3 in Fire Magic
  5373 | D:5      | Noticed Eustachio
  5548 | D:6      | Noticed Grinder
  5567 | D:6      | Killed Grinder
  5568 | D:6      | Reached XP level 9. HP: 68/81 MP: 16/16
  5608 | D:5      | Killed Eustachio
  5614 | D:5      | Learned a level 4 spell: Summon Lightning Spire
  6003 | D:6      | Found a white marble altar of Elyvilon.
  6099 | D:6      | Found an ancient bone altar of Kikubaaqudgha.
  6255 | D:6      | Found a staircase to the Ecumenical Temple.
  6293 | D:6      | Found Josheydicu's Antique Armour Emporium.
  6317 | D:6      | Reached skill level 6 in Spellcasting
  6324 | Temple   | Entered the Ecumenical Temple
  6335 | Temple   | Became a worshipper of Sif Muna the Loreminder
  6377 | D:6      | Found a large runed translucent door.
  6377 | D:6      | Found a large runed translucent door.
  6381 | D:6      | Noticed DemonSlayer's ghost (novice DsEE)
  6486 | D:6      | Found a broken altar of Ashenzari.
  6781 | D:6      | Killed DemonSlayer's ghost
  6782 | D:6      | Reached skill level 3 in Air Magic
  6941 | D:7      | Reached XP level 10. HP: 55/91 MP: 20/20
  7093 | D:7      | Reached skill level 9 in Summonings
  7845 | D:5      | Bought a scarf of resistance for 352 gold pieces
  7927 | D:8      | Reached * piety under Sif Muna
  8097 | D:8      | Found Taeniwk's Assorted Antiques.
  8100 | D:8      | Bought a metallic ruby potion for 20 gold pieces
  8100 | D:8      | Bought a scroll labelled SUNIR MUST for 23 gold pieces
  8100 | D:8      | Bought a silvery potion for 20 gold pieces
  8100 | D:8      | Bought a scroll labelled HOAKHL YRAMUIN for 23 gold pieces
  8266 | D:8      | Noticed a centaur warrior
  8285 | D:8      | Killed a centaur warrior
  8286 | D:8      | Reached skill level 3 in Invocations
  8408 | D:8      | Found a bloodstained altar of Trog.
  8479 | D:8      | Reached ** piety under Sif Muna
  8490 | D:8      | Reached XP level 11. HP: 105/105 MP: 23/23
  8534 | D:8      | Reached skill level 6 in Fighting
  8595 | D:8      | Found a shadowy altar of Dithmenos.
  8867 | D:8      | Noticed a catoblepas
  8886 | D:8      | Killed a catoblepas
  8915 | D:8      | Paralysed by a hornet for 2 turns
  8936 | D:8      | Paralysed by a hornet for 3 turns
  9032 | D:8      | Noticed a two-headed ogre
  9041 | D:8      | Killed a two-headed ogre
  9143 | D:8      | Reached *** piety under Sif Muna
  9185 | D:8      | Reached skill level 6 in Shields
  9438 | D:8      | Found a staircase to the Lair.
 10034 | D:9      | Noticed a two-headed ogre
 10046 | D:9      | Killed a two-headed ogre
 10124 | D:9      | Found an opulent altar of Gozag.
 10170 | D:9      | Identified a scroll of acquirement
 10397 | D:9      | Noticed a two-headed ogre
 10404 | D:9      | Killed a two-headed ogre
 10405 | D:9      | Reached skill level 9 in Fighting
 10405 | D:9      | Reached skill level 6 in Invocations
 10835 | D:10     | Entered Level 10 of the Dungeon
 10927 | D:10     | Noticed Snorg
 10939 | D:10     | Killed Snorg
 10969 | D:10     | Reached **** piety under Sif Muna
 11094 | D:10     | Reached XP level 12. HP: 124/124 MP: 24/24
 11260 | D:10     | Found a sacrificial altar of Ru.
 11296 | D:10     | Identified the +6 falchion "Ucrirusch" {freeze, *Rage rElec
                  | Str+6 Int+3}
 11307 | D:10     | Found a glowing silver altar of Zin.
 11523 | D:10     | Noticed a two-headed ogre
 11534 | D:10     | Killed a two-headed ogre
 11722 | Lair:1   | Entered Level 1 of the Lair of Beasts
 12097 | Lair:1   | Noticed Maggie
 12097 | Lair:1   | Noticed Prince Ribbit
 12104 | Lair:1   | Killed Prince Ribbit
 12104 | Lair:1   | Killed Maggie
 12307 | Lair:1   | Reached ***** piety under Sif Muna
 12843 | Lair:2   | Noticed an eight-headed hydra
 12848 | Lair:2   | Reached skill level 12 in Summonings
 12849 | Lair:2   | Noticed a seven-headed hydra
 12929 | Lair:2   | Killed an eight-headed hydra
 12930 | Lair:2   | Reached skill level 3 in Dodging
 12952 | Lair:2   | Received a gift from Sif Muna
 12953 | Lair:2   | Got Ihoud's Octavo of the Fulgurous Mob {god gift}
 13070 | Lair:2   | Reached XP level 13. HP: 109/133 MP: 25/25
 13148 | Lair:2   | Identified the +9 rapier "Beastbane" {freeze, Will++ Int-4}
 13274 | Lair:2   | Reached skill level 3 in Armour
 13917 | Lair:3   | Found a basalt altar of Yredelemnul.
 14280 | Lair:3   | Reached skill level 6 in Dodging
 14426 | Lair:3   | Found a staircase to the Swamp.
 14663 | Lair:3   | Found a staircase to the Snake Pit.
 15248 | Lair:4   | Identified the +3 dagger of Due Proportion {pain, ^Contam
                  | rElec rC++ Dex+3}
 15383 | Lair:4   | Noticed an azure jelly
 15392 | Lair:4   | Killed an azure jelly
 15646 | Lair:4   | Found a viscous altar of Jiyva.
 15646 | Lair:4   | Found a staircase to the Slime Pits.
 15697 | Lair:4   | Received a gift from Sif Muna
 15698 | Lair:4   | Got Sif Muna's Writings on Bombardment and the Zephyr {god
                  | gift}
 15961 | Lair:4   | Reached XP level 14. HP: 143/143 MP: 26/26
 16071 | Lair:4   | Learned a level 6 spell: Summon Cactus Giant
 16079 | Lair:4   | Learned a level 7 spell: Monstrous Menagerie
 16331 | Lair:5   | Entered Level 5 of the Lair of Beasts
 17304 | Lair:5   | Found a large runed translucent door.
 17368 | Lair:5   | Reached skill level 12 in Fighting
 17592 | Lair:5   | Found a large runed translucent door.
 18428 | D:11     | Noticed Harold
 18437 | D:11     | Killed Harold
 18441 | D:11     | Reached skill level 15 in Summonings
 18686 | D:11     | Found a sparkling altar of Nemelex Xobeh.
 18702 | D:11     | Reached skill level 6 in Armour
 18830 | D:11     | Found a portal to a secret trove of treasure.
 18867 | D:11     | Received a gift from Sif Muna
 18868 | D:11     | Got Sif Muna's Handbook of Bombardment and Direction {god
                  | gift}
 18944 | D:11     | Noticed Urug
 18954 | D:11     | Killed Urug
 19267 | D:11     | Found a staircase to the Orcish Mines.
 20162 | Orc:1    | Entered Level 1 of the Orcish Mines
 20214 | Orc:2    | Entered Level 2 of the Orcish Mines
 20248 | Orc:2    | Found Mach's General Store.
 20264 | Orc:2    | Noticed an orc warlord
 20293 | Orc:2    | Killed an orc warlord
 20294 | Orc:2    | Reached XP level 15. HP: 107/156 MP: 16/27
 20387 | Orc:2    | Found a frozen archway.
 20413 | Orc:2    | Found Nysofua Joaj's Antique Armour Boutique.
 20434 | Orc:2    | Found a dark tunnel.
 20440 | Volcano  | Entered a volcano
 20825 | IceCv    | Entered an ice cave
 20846 | IceCv    | Received a gift from Sif Muna
 20847 | IceCv    | Got Femioven's Papyrus of Fuming Violence {god gift}
 21164 | IceCv    | Identified the ring of Nyup {rF+ rN+ Will- MP+9 Str+3}
 21292 | Orc:2    | Found Xotucei's Book Emporium.
 21609 | Orc:2    | Bought a scroll of identify for 26 gold pieces
 21841 | Orc:2    | Found Ohaereh's Antique Weapon Boutique.
 21851 | Orc:2    | Found a staircase to the Elven Halls.
 22732 | Orc:2    | Bought 2 potions of attraction for 78 gold pieces
 22957 | D:5      | Bought the amulet "Gaurram" {Faith rPois} for 563 gold
                  | pieces
 23201 | Orc:2    | Bought the Dissertation on the Unholy Escort for 520 gold
                  | pieces
 23940 | D:12     | Noticed Fannar
 23943 | D:12     | Killed Fannar
 24426 | D:12     | Reached skill level 9 in Spellcasting
 24755 | D:13     | Learned a level 5 spell: Summon Forest
 25394 | D:13     | Noticed Sonja
 25401 | D:13     | Killed Sonja
 25986 | D:13     | Found Jizedgh's Overcharged Wands.
 27158 | D:14     | Found a gate to the Vaults.
 27296 | D:15     | Entered Level 15 of the Dungeon
 27627 | D:15     | Reached XP level 16. HP: 165/165 MP: 6/30
 27640 | D:15     | Reached skill level 18 in Summonings
 27982 | D:15     | Found a sparkling altar of Nemelex Xobeh.
 27982 | D:15     | Found a glowing golden altar of the Shining One.
 27984 | D:15     | Found a stormy altar of Qazlal.
 28563 | D:15     | Found a staircase to the Depths.
 28929 | D:15     | Received a gift from Sif Muna
 28930 | D:15     | Got Mydu's Codex of Locality {god gift}
 29267 | D:15     | Noticed a storm dragon
 29291 | D:15     | Killed a storm dragon
 29292 | D:15     | Reached skill level 12 in Spellcasting
 29805 | D:15     | Noticed Kirke
 29818 | D:15     | Killed Kirke
 30148 | D:15     | Noticed a storm dragon
 30161 | D:15     | Killed a storm dragon
 30427 | D:15     | Reached skill level 15 in Fighting
 30808 | D:15     | Reached skill level 9 in Invocations
 31182 | D:15     | Noticed a tengu reaver
 31217 | D:15     | Killed a tengu reaver
 31620 | D:15     | Acquired the +0 tower shield "Pobo Bakh" {Will+}
 31621 | D:15     | Acquired the ring of Laumad {Str+4 Int+3 Dex+6}
 31638 | D:15     | Acquired the +1 hat of Free Expression {rC+}
 31862 | Snake:1  | Entered Level 1 of the Snake Pit
 31873 | Snake:1  | Reached XP level 17. HP: 175/179 MP: 19/33
 32162 | Snake:1  | Noticed Roxanne
 32181 | Snake:1  | Killed Roxanne
 33974 | Snake:2  | Received a gift from Sif Muna
 33975 | Snake:2  | Got Sif Muna's Book of the Dynamic Sky {god gift}
 35595 | Snake:3  | Reached skill level 3 in Evocations
 36478 | Snake:3  | Reached skill level 9 in Shields
 36851 | Snake:4  | Entered Level 4 of the Snake Pit
 37063 | Snake:4  | Reached skill level 12 in Invocations
 37365 | Snake:4  | Noticed Mlioglotl
 37373 | Snake:4  | Killed Mlioglotl
 37487 | Snake:4  | Noticed Donald
 37495 | Snake:4  | Killed Donald
 37748 | Snake:4  | Identified the serpent talisman "Birer" {rC+ rCorr}
 37748 | Snake:4  | Noticed Aizul
 37765 | Snake:4  | Killed Aizul
 37909 | Snake:4  | Noticed Vashnia
 37926 | Snake:4  | Killed Vashnia
 38088 | Snake:4  | Received a gift from Sif Muna
 38089 | Snake:4  | Got Sif Muna's Folio of Fog and the Gift {god gift}
 38167 | Snake:4  | Reached XP level 18. HP: 157/193 MP: 20/34
 39568 | Snake:4  | Noticed a quicksilver dragon
 39726 | Snake:4  | Killed a quicksilver dragon
 40727 | Snake:4  | Got a serpentine rune of Zot
 41502 | Swamp:1  | Entered Level 1 of the Swamp
 42498 | Swamp:1  | Received a gift from Sif Muna
 42564 | Swamp:1  | Learned a level 8 spell: Summon Horrible Things
 44681 | Swamp:3  | Noticed a tentacled monstrosity
 44689 | Swamp:3  | Killed a tentacled monstrosity
 45008 | Swamp:3  | Received a gift from Sif Muna
 45009 | Swamp:3  | Got Sif Muna's Octavo of Beguiling Despicable Spells {god
                  | gift}
 45119 | Swamp:3  | Reached XP level 19. HP: 206/206 MP: 15/35
 45974 | Swamp:4  | Entered Level 4 of the Swamp
 47095 | Swamp:4  | Received a gift from Sif Muna
 47096 | Swamp:4  | Got Sif Muna's Omnibus of the Combined Sixfirhy {god gift}
 48067 | Swamp:4  | Got a decaying rune of Zot
 48575 | Elf:1    | Entered Level 1 of the Elven Halls
 49378 | Elf:1    | Reached skill level 18 in Fighting
 49729 | Elf:1    | Received a gift from Sif Muna
 49730 | Elf:1    | Got Ykkuduj's Tome of Command {god gift}
 50231 | Elf:1    | Reached skill level 21 in Summonings
 51053 | Elf:2    | Noticed Louise
 51069 | Elf:2    | Killed Louise
 51578 | Elf:2    | Noticed Azrael
 51595 | Elf:2    | Killed Azrael
 51783 | Elf:2    | Reached XP level 20. HP: 223/223 MP: 23/37
 52246 | Elf:2    | Identified the orb of Resourcefulness {mayhem, Rampage
                  | rPois}
 52402 | Elf:2    | Found a runed translucent gate.
 52403 | Elf:2    | Found a runed translucent gate.
 52403 | Elf:2    | Found a runed translucent gate.
 52436 | Elf:2    | Received a gift from Sif Muna
 52437 | Elf:2    | Got Sif Muna's Folio of Stormy Erosion {god gift}
 53262 | Elf:2    | Identified the blade talisman "Caut" {rF+ rN+ Str-5 Int+3}
 53375 | Elf:3    | Entered Level 3 of the Elven Halls
 53938 | Elf:3    | Found Deikouwn's Jewellery Shop.
 54103 | Elf:3    | Noticed a Tzitzimitl
 54303 | Elf:3    | Identified the +9 falchion "Yffuavuh" {vamp, rPois Int+3}
 54731 | Elf:3    | Identified the +8 glaive of Rujat {chaos, rN+}
 54731 | Elf:3    | Identified the ring "Haotonn" {Fly rC+ Str+6 Int-3}
 55229 | Elf:3    | Received a gift from Sif Muna
 55451 | Elf:3    | Got the Grimoire of Friendly Conjuration
 55460 | Elf:3    | Identified the scarf of the Soft Slorg {+Inv, Harm ^Drain
                  | rPois Str+3}
 55494 | Elf:3    | Reached skill level 12 in Shields
 55552 | Elf:3    | Identified the +5 ring mail of Doho {rElec rC+ MP-9}
 56267 | Slime:1  | Entered Level 1 of the Pits of Slime
 56376 | Slime:2  | Gained mutation: You are frail. (-10% HP) [a shining eye]
 57697 | Slime:4  | Gained mutation: You are dopey. (Int -2) [a shining eye]
 57743 | Slime:5  | Entered Level 5 of the Pits of Slime
 57767 | Slime:5  | Reached XP level 21. HP: 206/213 MP: 25/38
 58212 | Slime:4  | Received a gift from Sif Muna
 58806 | Slime:5  | Noticed the Royal Jelly
 58820 | Slime:5  | Killed the Royal Jelly
 59587 | Slime:5  | Found the +7 great mace "Undeadhunter" {deathbane, rN+}
 59667 | Slime:5  | Identified the +5 mace "Apin" {freeze, Str-4 Dex+3}
 59690 | Slime:5  | Got a slimy rune of Zot
 59725 | Slime:5  | Identified the ring "Ylobypeo" {rF- Str+3 Dex+3 Slay+4}
 59761 | Slime:5  | Lost mutation: You are frail. (-10% HP) [potion of
                  | mutation]
 59761 | Slime:5  | Lost mutation: You are dopey. (Int -2) [potion of mutation]
 59761 | Slime:5  | Gained mutation: Your flesh is cold resistant. (rC+)
                  | [potion of mutation]
 59761 | Slime:5  | Gained mutation: Your flesh is heat resistant. (rF+)
                  | [potion of mutation]
 60768 | Vaults:1 | Entered Level 1 of the Vaults
 60894 | Vaults:1 | Received a gift from Sif Muna
 60895 | Vaults:1 | Got Vocliw's Tome of Assaults {god gift}
 61277 | Vaults:1 | Noticed Asterion
 61286 | Vaults:1 | Killed Asterion
 62498 | Vaults:1 | Got the Catalogue of the Curse
 62515 | Vaults:2 | Reached XP level 22. HP: 182/247 MP: 22/39
 62674 | Vaults:2 | Received a gift from Sif Muna
 62732 | Vaults:2 | Reached skill level 24 in Summonings
 62783 | Vaults:2 | Found a magical portal.
 62929 | WizLab   | Entered Yara's Duelist Academy
 63695 | WizLab   | Noticed Ipsetsin
 63721 | WizLab   | Killed Ipsetsin the Head Instructor
 63722 | WizLab   | Reached skill level 15 in Spellcasting
 64368 | Vaults:2 | Learned a level 5 spell: Summon Mana Viper
 64551 | Vaults:2 | Noticed Mennas
 64910 | Vaults:3 | Paralysed by a formless jellyfish for 1 turns
 66069 | Vaults:3 | Found Xylak's Assorted Antiques.
 66129 | Vaults:3 | Noticed a golden dragon
 66146 | Vaults:3 | Killed a golden dragon
 66147 | Vaults:3 | Received a gift from Sif Muna
 66148 | Vaults:3 | Got Inamic's Tractate on Iron Reagents {god gift}
 66508 | Vaults:3 | Identified the +5 scale mail of Makhleb's Hope {-Cast
                  | +Blink rC- Will+++}
 66801 | Vaults:3 | Found a staircase to the Crypt.
 67446 | Vaults:4 | Reached XP level 23. HP: 200/254 MP: 9/42
 67534 | Vaults:4 | Learned a level 9 spell: Dragon's Call
 68135 | Vaults:4 | Received a gift from Sif Muna
 69571 | Vaults:2 | Identified the +0 leather armour "Capaulodgh" {rN+ Will+
                  | Dex-5 Slay+5}
 69584 | Vaults:2 | Killed Mennas
 70407 | Depths:1 | Entered Level 1 of the Depths
 70469 | Depths:1 | Received a gift from Sif Muna
 70470 | Depths:1 | Got Sif Muna's Anthology of Productive Necromancy {god
                  | gift}
 70655 | Depths:1 | Found a one-way gateway to a ziggurat.
 70955 | Depths:1 | Noticed Boris
 70962 | Depths:1 | Killed Boris
 71393 | Depths:1 | Found a gateway to Hell.
 71695 | Depths:2 | Noticed Boris
 71700 | Depths:2 | Noticed a caustic shrike
 71702 | Depths:2 | Killed Boris
 71703 | Depths:2 | Reached skill level 27 in Summonings
 71707 | Depths:2 | Killed a caustic shrike
 71925 | Depths:2 | Identified the +8 quarterstaff of the Heavens {spect, *Slow
                  | rElec rCorr Dex+3}
 71940 | Depths:2 | Noticed a golden dragon
 71950 | Depths:2 | Killed a golden dragon
 71958 | Depths:2 | Reached XP level 24. HP: 219/267 MP: 3/42
 72066 | Depths:2 | Noticed a caustic shrike
 72071 | Depths:2 | Killed a caustic shrike
 72320 | Depths:2 | Received a gift from Sif Muna
 72321 | Depths:2 | Reached skill level 21 in Fighting
 72927 | Depths:2 | Found a one-way gate leading to the halls of Pandemonium.
 72964 | Depths:2 | Noticed a juggernaut
 72969 | Depths:2 | Killed a juggernaut
 74027 | Depths:2 | Noticed a caustic shrike
 74044 | Depths:2 | Killed a caustic shrike
 74739 | Depths:2 | Received a gift from Sif Muna
 74825 | Depths:2 | Identified the +3 battleaxe of Jiss {freeze, Int+4}
 74835 | Depths:2 | Got Sif Muna's Sophisticated Spellcasting {god gift}
 75191 | Depths:3 | Noticed Boris
 75196 | Depths:3 | Killed Boris
 75480 | Depths:3 | You fall into a shaft and drop 1 floor!
 75480 | Depths:4 | Entered Level 4 of the Depths
 75674 | Depths:3 | Reached skill level 18 in Spellcasting
 76077 | Depths:3 | Found a one-way gate to the infinite horrors of the Abyss.
 76083 | Depths:3 | Found Watihoap's Assorted Antiques.
 76094 | Depths:3 | Bought a potion of haste for 430 gold pieces
 76094 | Depths:3 | Bought a potion of haste for 430 gold pieces
 76094 | Depths:3 | Bought a potion of curing for 129 gold pieces
 76581 | Depths:3 | Found Kuximoj's Specific Store.
 76585 | Depths:3 | Found Tychuyla's General Store.
 76590 | Depths:3 | Bought a scroll of teleportation for 48 gold pieces
 76594 | Depths:3 | Bought a potion of curing for 51 gold pieces
 76594 | Depths:3 | Bought a potion of mutation for 136 gold pieces
 76594 | Depths:3 | Bought a potion of brilliance for 68 gold pieces
 76594 | Depths:3 | Bought a scroll of immolation for 68 gold pieces
 76594 | Depths:3 | Bought a scroll of silence for 161 gold pieces
 76594 | Depths:3 | Bought a potion of brilliance for 68 gold pieces
 76908 | Depths:4 | Found Ymetam's Antique Weapon Shop.
 76908 | Depths:4 | Found Eczeagik's Antique Armour Boutique.
 76909 | Depths:4 | Found Zadyuviush's Distillery.
 76910 | Depths:4 | Reached XP level 25. HP: 282/283 MP: 29/45
 76911 | Depths:4 | Found Juatt's General Store.
 77047 | Depths:4 | Bought a scroll of fear for 60 gold pieces
 77053 | Depths:4 | Bought 2 potions of magic for 240 gold pieces
 77053 | Depths:4 | Bought a potion of heal wounds for 75 gold pieces
 77053 | Depths:4 | Bought 2 potions of heal wounds for 150 gold pieces
 77053 | Depths:4 | Bought 3 potions of curing for 135 gold pieces
 77053 | Depths:4 | Bought a potion of resistance for 150 gold pieces
 77053 | Depths:4 | Bought 2 potions of enlightenment for 150 gold pieces
 77056 | Depths:4 | Bought an embroidered cloak for 382 gold pieces
 77056 | Depths:4 | Bought a glowing hat for 357 gold pieces
 77286 | Depths:4 | Received a gift from Sif Muna
 77295 | Depths:4 | Found a gate to the Realm of Zot.
 77446 | Depths:4 | Got Sif Muna's Almanac of Rime and Trauma {god gift}
 77988 | D:11     | You paid a toll of +4 ice dragon scales to enter a treasure
                  | trove
 77989 | Trove    | Entered a treasure trove
 78002 | Trove    | Identified the amulet "Uthodwejoth" {Reflect Str+5 SH+5}
 78320 | Zot:1    | Entered Level 1 of the Realm of Zot
 78320 | Zot:1    | Noticed an orb of fire
 78340 | Zot:1    | Killed an orb of fire
 78343 | Zot:1    | Found a transporter.
 78347 | Zot:1    | Found a transporter.
 78350 | Zot:1    | Reached skill level 24 in Fighting
 78394 | Zot:1    | Found a transporter.
 78394 | Zot:1    | Found a transporter.
 78828 | Zot:1    | Found a transporter.
 78830 | Zot:1    | Found a transporter.
 79635 | Zot:2    | Received a gift from Sif Muna
 79636 | Zot:2    | Got Raeses's Notes on the Blink Frog {god gift}
 79979 | Zot:2    | Reached ****** piety under Sif Muna
 80334 | Zot:2    | Learned a level 8 spell: Lehudib's Crystal Spear
 80342 | Zot:2    | Learned a level 7 spell: Spellforged Servitor
 80485 | Depths:1 | Learned a level 7 spell: Malign Gateway
 80742 | Zot:3    | Noticed Sofait's ghost (legendary GnFE)
 80763 | Zot:3    | Reached skill level 3 in Translocations
 80872 | Zot:3    | Found a runed translucent door.
 80930 | Zot:3    | Identified the ring "Erod" {Ice rN+}
 80930 | Zot:3    | Noticed Josephina
 80940 | Zot:3    | Killed Josephina
 81130 | Zot:3    | Received a gift from Sif Muna
 81131 | Zot:3    | Reached XP level 26. HP: 303/309 MP: 32/47
 81138 | Zot:3    | Learned a level 2 spell: Blink
 81143 | Zot:3    | Found the +4 dragonskin cloak
 81143 | Zot:3    | Noticed Tiamat
 81163 | Zot:3    | Killed Tiamat
 81592 | Zot:3    | Identified the +4 spear of Uskayaw's Grace {pain, ^Contam
                  | Int+4}
 82070 | Zot:4    | Found a transporter.
 82555 | Zot:4    | Reached skill level 27 in Fighting
 82979 | Zot:4    | Found a transporter.
 83110 | Zot:5    | Entered Level 5 of the Realm of Zot
 83849 | Zot:5    | Received a gift from Sif Muna
 83850 | Zot:5    | Got Sif Muna's Papyrus of the Curse and the Sixfirhy {god
                  | gift}
 83946 | Zot:5    | Noticed a dread lich
 83953 | Zot:5    | Killed a dread lich
 84156 | Zot:5    | Noticed an orb of fire
 84175 | Zot:5    | Killed an orb of fire
 84176 | Zot:5    | Reached skill level 21 in Spellcasting
 84357 | Zot:5    | Noticed an orb of fire
 84377 | Zot:5    | Killed an orb of fire
 84447 | Zot:5    | Noticed a Killer Klown
 84454 | Zot:5    | Killed a Killer Klown
 84503 | Zot:5    | Noticed an orb of fire
 84513 | Zot:5    | Killed an orb of fire
 84656 | Zot:5    | Noticed a Killer Klown
 84839 | Zot:5    | Noticed a Killer Klown
 84851 | Zot:5    | Killed a Killer Klown
 85201 | Zot:5    | Killed a Killer Klown
 85339 | Zot:5    | Noticed a dread lich
 85343 | Zot:5    | Killed a dread lich
 85544 | Zot:5    | Noticed an orb of fire
 85547 | Zot:5    | Gained mutation: Your magical capacity is low. (-10% MP)
                  | [an orb of fire]
 85547 | Zot:5    | Gained mutation: Your spells are a little easier to cast,
                  | but a little less powerful. [an orb of fire]
 85571 | Zot:5    | Killed an orb of fire
 85979 | Zot:5    | Noticed an orb of fire
 86028 | Zot:5    | Gained mutation: Your magical capacity is very low. (-20%
                  | MP) [an orb of fire]
 86036 | Zot:5    | Killed an orb of fire
 86493 | Zot:5    | Got the Orb of Zot
 86582 | Zot:2    | Reached XP level 27. HP: 323/323 MP: 34/40
 86834 | D:11     | Noticed Xiuggikk the pandemonium lord
 86926 | D:6      | Received a gift from Sif Muna
 86927 | D:6      | Got Sif Muna's Folio of Shadowy Beckoning {god gift}
 86968 | D:3      | Killed Ijyb
 87003 | D:1      | Noticed Sufaf the pandemonium lord
 87004 | D:1      | Noticed an ancient lich
 87023 | D:$      | Escaped with the Orb!

Illustrated notes

Levels and vault maps discovered:
D:1:      psy_arrival_fountain, layout_basic, serial_shops,
          nicolae_shop_getting_attention,
          shapermc_ecumenical_altar_mp_ritualfount
D:2:      layout_loops_ring
D:3:      layout_basic, lemuel_tele_altar, uniq_ijyb, uniq_crazy_yiuf_cottage
D:4:      minmay_opposing_rooms, layout_loops_ring, minivault_11, uniq_natasha
D:5:      layout_cave_pools, gup_sewer_entry_pipe,
          nicolae_shop_sticking_my_neck_out, uniq_eustachio, uniq_duvessa
D:6:      layout_loops_ring, mainiacjoe_overflow_boulevard,
          ashenzari_conservatory_becter, kennysheep_mini_moat,
          minmay_temple_entry_mini_moons, serial_shops, shop,
          ebering_ghost_disaster_area, uniq_grinder
D:7:      layout_loops_ring, minmay_fractal_squares_diagonal_5
D:8:      minmay_quarter_circles, layout_basic, nicolae_dithmenos_shadow_blocks,
          trog_book, dpeg_oklobed_lair, serial_shops,
          nicolae_shop_tiny_real_fake_doors
D:9:      layout_stronghold, grunt_gozag_breadcrumbs, kennysheep_generic_room_9
D:10:     layout_roguey, mainiacjoe_overflow_24_doors,
          nicolae_ru_great_annihilating_truth, uniq_snorg
D:11:     layout_basic, erik_orc_2, nicolae_trove_entry_isolated,
          grunt_decor_one_mirror, kennysheep_diamond,
          hangedman_decor_diamond_cutter, hangedman_decor_points, uniq_harold,
          uniq_urug
D:12:     layout_gridville, uniq_fannar
D:13:     layout_loops_corners, chequers_serial_rivers_small_3,
          nicolae_shop_overcharged_wands, uniq_sonja
D:14:     layout_big_octagon, erik_vaults_1
D:15:     hangedman_slaughterboxes, serial_shops, uniq_kirke
Temple:   nicolae_temple_god_jail
Lair:1:   layout_small_grid, serial_bayou_shore_b, uniq_maggie,
          uniq_prince_ribbit2
Lair:2:   layout_regular_city, serial_bayou_shore_a, infiniplex_staircase_pool_2
Lair:3:   layout_regular_city, mainiacjoe_swamp_entry_angry_trees,
          nicolae_snake_entry_warm_welcome, basic_altar
Lair:4:   layout_long_grid, nicolae_slime_entry_slimehenge,
          nicolae_lair_time_for_slime, serial_bayou_shore_b
Lair:5:   cheibrodos_lair_end_hotspot, layout_regular_city
Swamp:1:  layout_basic_swamp, evilmike_swamp_ruin_rubble_1
Swamp:2:  layout_basic_swamp, evilmike_swamp_ruin_house_5, swamp_pool_5,
          infiniplex_staircase_pool, nicolae_swamp_long_stream,
          nicolae_swamp_tree_isthmus
Swamp:3:  layout_basic_swamp, serial_swamp_ruin, evilmike_swamp_ruin_house_4,
          hangedman_swamp_ruin_wall, swamp_pool_3
Swamp:4:  swamp_icy, layout_basic_swamp, swamp_pool_1_2
Snake:1:  layout_cave_pods, grunt_megastairs_3, uniq_roxanne
Snake:2:  layout_basic
Snake:3:  layout_basic
Snake:4:  hellmonk_snake_rune_quicksilver_temple, layout_onion_interference,
          grunt_ministairs_14, uniq_vashnia, uniq_mlioglotl, uniq_donald,
          uniq_aizul
Slime:1:  layout_caves
Slime:2:  cheibrodos_slime_lost_civilization_2, layout_caves
Slime:3:  layout_caves
Slime:4:  layout_caves
Slime:5:  slime_pit_nicolae_royal_road_to_ruin
Orc:1:    layout_diamond_mine
Orc:2:    grunt_orc_gardens, layout_diamond_mine, grunt_orc_garden,
          grunt_orc_garden, grunt_orc_garden, grunt_orc_garden,
          portal_ice_cave_entry_ice_simulacra, enter_volcano_2
Elf:1:    eino_elf_arrival_customs, layout_gridlike, minivault_28
Elf:2:    nicolae_elf_blades_splatter_lattice [nicolae_blade_tridents],
          layout_loops_corners, uniq_azrael, uniq_louise
Elf:3:    minmay_elf_hall_quartered_circle, layout_loops_corners, serial_shops,
          shop
Vaults:1: vaults_mumra_hexcomb, nicolae_vaults_closet_pinwheel_5,
          nicolae_vaults_yaktaur_gun_rack, nicolae_vaults_frosty_reception,
          v_misc_23, v_rooms_2, grunt_vaults_swirl,
          nicolae_vaults_surprise_closet_hard, ontoclasm_vaults_ring_large,
          nicolae_vaults_big_angled_halls, v_misc_23, layout_vaults_omnibox,
          uniq_asterion
Vaults:2: mu_enter_wizlab_5, v_misc_15, vaults_room_pool, v_alt_pattern_5,
          hangedman_vaults_corner, nicolae_vaults_shipping_containers_3,
          vaults_standard_mumra_lines, nicolae_vaults_diamond_1,
          nicolae_vaults_tangram_2, nicolae_vaults_trapezoid_layered,
          vaults_dpeg_cross, v_misc_19, nicolae_vaults_three_branches,
          layout_vaults_big_cross, uniq_mennas
Vaults:3: nicolae_vaults_swerve, grunt_vaults_hallway_long,
          nicolae_vaults_diamond_1, nicolae_vaults_little_squares_4,
          nicolae_vaults_whirlpool_walls, vaults_mumra_hex, vaults_dpeg_ring,
          v_misc_3, ontoclasm_vaults_fault, minmay_crypt_entry_simple_plaza,
          ontoclasm_vaults_loading_screen, vaults_dpeg_emergency_exit,
          layout_vaults_omnigrid, serial_shops, shop, uniq_margery
Vaults:4: nicolae_vaults_corridor_and_loot_room, nicolae_vaults_network_star,
          vaults_dpeg_spiral, nicolae_vaults_storage_closets_3,
          nicolae_vaults_storage_closets_1, vaults_dpeg_diagonal, v_misc_32,
          nicolae_vaults_twisting_passages, nicolae_vaults_specimen_jars,
          nicolae_vaults_tetromino_L_1, layout_vaults_ring
Depths:1: layout_small_grid, enter_ziggurat_c, kennysheep_nondescript,
          lightli_too_deep, kennysheep_underground_church, uniq_boris
Depths:2: minmay_octagon_city, layout_gridlike, rand_demon_pan_entry_7,
          wad_floor_pattern_untrapped, hangedman_coc_ice_floe,
          minmay_staircase_bubble, serial_bayou_shore_b, serial_bayou_shore_b
Depths:3: minmay_distorted_concentric_squares, layout_cave_pools, serial_shops,
          shop, hell_entry, grunt_pan_entry_in_and_out, chequers_big_river,
          abyss_entry, nicolae_specific_store, kennysheep_small_spiral,
          nrook_mini_backslash, minmay_staircase_statues
Depths:4: evilmike_zot_entry_round, layout_twisted_cross, hell_entry,
          nicolae_the_louvre, minmay_shoptagon
Zot:1:    layout_misc_corridors, serial_nicolae_subway,
          nicolae_sub_station_stone, nicolae_sub_station_metal,
          nicolae_sub_station_crystal
Zot:2:    layout_twisted_circle, regret_index_zotdec_icy_dp
Zot:3:    layout_basic, hellmonk_ghost_big_iron,
          regret_index_zotdec_carving_tricks, uniq_josephina, uniq_tiamat
Zot:4:    gammafunk_sealed_arena, layout_gridlike
Zot:5:    layout_gridlike, st_stairs_6, skrybe_zot_glass_2

Skill      XL: |  1  2  3  4  5  6  7  8  9 10 11 12 13 14 15 16 17 18 19 20 21 22 23 24 25 26 |
---------------+-------------------------------------------------------------------------------+-----
Fighting       | 2 3 5 9 10 12 15 16 18 20 23 26 27 | 27.0
Spellcasting   | 3 4 5 7 8 10 12 13 15 18 20 23 | 23.6
Summonings     | 4 5 7 8 10 12 13 16 17 18 20 21 22 23 25 27 | 27.0
Shields        | 1 2 3 5 7 8 9 10 12 | 12.0
Fire Magic     | 2 3 4 5 |  5.0
Air Magic      | 3 4 5 |  5.0
Invocations    | 4 6 8 10 12 13 14 | 14.0
Dodging        | 4 6 |  6.0
Armour         | 1 5 6 7 8 |  8.0
Evocations     | 4 5 |  5.0
Translocations | 4 5 |  5.0
Stealth        | |  1.4

Action                     |  1- 3 |  4- 6 |  7- 9 | 10-12 | 13-15 | 16-18 | 19-21 | 22-24 | 25-27 || total
---------------------------+-------+-------+-------+-------+-------+-------+-------+-------+-------++-------
  Melee: Unarmed           |     3 |       |       |       |       |       |       |       |       ||     3
         Headbutt          |     7 |    13 |    36 |    73 |   151 |     8 |     7 |     6 |     4 ||   305
         Dagger            |    63 |    59 |       |       |       |       |       |       |       ||   122
         Punch             |     1 |       |     2 |       |       |       |       |       |       ||     3
         Flail             |       |    27 |    55 |       |       |       |       |       |       ||    82
         Short sword       |       |       |   154 |   326 |   611 |     5 |       |       |       ||  1096
         Staff             |       |       |       |       |       |    18 |       |       |       ||    18
         Falchion          |       |       |       |       |       |     4 |    11 |    17 |     8 ||    40
   Fire: Shortbow          |       |       |       |    52 |       |       |       |       |       ||    52
   Cast: Summon Small Mamm |    22 |    23 |    15 |    19 |     4 |       |       |       |       ||    83
         Call Imp          |    16 |    34 |    39 |    27 |     7 |       |       |       |       ||   123
         Call Canine Famil |       |     7 |    22 |    44 |    39 |     2 |     1 |       |       ||   115
         Summon Blazeheart |       |       |     1 |    32 |    61 |     5 |       |       |       ||    99
         Summon Lightning  |       |       |       |    30 |    37 |     4 |       |       |       ||    71
         Summon Cactus Gia |       |       |       |       |    37 |    41 |    13 |     6 |     3 ||   100
         Monstrous Menager |       |       |       |       |    96 |   338 |   231 |    50 |     3 ||   718
         Summon Forest     |       |       |       |       |     3 |    22 |    30 |     6 |     2 ||    63
         Summon Horrible T |       |       |       |       |       |     2 |    98 |   132 |    77 ||   309
         Chain Lightning   |       |       |       |       |       |       |     1 |       |       ||     1
         Summon Mana Viper |       |       |       |       |       |       |       |     1 |    10 ||    11
         Maxwell's Capacit |       |       |       |       |       |       |       |     1 |       ||     1
         Dragon's Call     |       |       |       |       |       |       |       |    20 |    43 ||    63
         Malign Gateway    |       |       |       |       |       |       |       |       |     2 ||     2
         Spellforged Servi |       |       |       |       |       |       |       |       |     1 ||     1
         Blink             |       |       |       |       |       |       |       |       |     2 ||     2
 Invoke: Channel Magic     |       |       |       |       |     6 |     8 |     3 |     9 |     3 ||    29
         Divine Exegesis   |       |       |       |       |       |       |     1 |     1 |       ||     2
  Evoke: Wand              |       |       |     7 |       |     9 |     2 |       |       |    16 ||    34
         Phial of floods   |       |       |       |       |       |     1 |       |     1 |     1 ||     3
         Sack of spiders   |       |       |       |       |       |     1 |       |       |       ||     1
         Lightning rod     |       |       |       |       |       |     4 |     5 |       |       ||     9
         Phantom mirror    |       |       |       |       |       |     1 |       |     1 |     2 ||     4
         Tin of tremorston |       |       |       |       |       |       |     2 |       |       ||     2
    Use: Scroll            |       |       |       |    15 |     8 |     5 |     4 |     5 |    16 ||    53
         Potion            |       |       |       |     4 |     2 |     1 |     1 |     2 |    18 ||    28
   Stab: Sleeping          |     1 |       |       |       |     1 |       |       |       |       ||     2
         Distracted        |       |       |       |     7 |     4 |     1 |       |       |       ||    12
         Paralysed         |       |       |       |     1 |       |       |       |       |       ||     1
         Confused          |       |       |       |       |       |       |       |     1 |       ||     1
 Armour: Robe              |    41 |    40 |    41 |       |       |       |       |       |       ||   122
         Troll leather arm |       |       |   159 |   271 |   486 |   247 |   205 |       |       ||  1368
         Acid dragon scale |       |       |       |       |       |       |   111 |   285 |   175 ||   571
         Skin              |       |       |       |       |       |       |     1 |       |    29 ||    30
  Dodge: Dodged            |    63 |    57 |   246 |   293 |   484 |    94 |    87 |    77 |    40 ||  1441
  Block: Kite shield       |       |       |       |   166 |   335 |    56 |       |       |       ||   557
         Tower shield      |       |       |       |       |       |   143 |   223 |   187 |    81 ||   634
